 Dungeon Crawl Stone Soup version 0.22-a0-467-g5c5de1cb09 (webtiles) character file.

7729 Manul the Cruncher (level 11, -2/58 HPs)
             Began as a Vine Stalker Gladiator on June 10, 2018.
             Was an Initiate of Gozag.
             Killed from afar by Josephine (18 damage)
             ... with a ghostly fireball
             ... on level 10 of the Dungeon.
             The game lasted 00:11:30 (7669 turns).

Manul the Cruncher (Vine Stalker Gladiator)         Turns: 7669, Time: 00:11:30

Health: -2/58      AC: 11    Str: 19    XL:     11   Next: 19%
Magic:  0/12       EV: 13    Int:  8    God:    Gozag
Gold:   789        SH:  0    Dex: 19    Spells: 10/10 levels left

rFire    . . .     SeeInvis .   c - +1 quarterstaff (crush)
rCold    . . .     Gourm    .   (shield currently unavailable)
rNeg     . . .     Faith    .   n - +0 ring mail
rPois    .         Spirit   +   P - +2 helmet
rElec    .         Reflect  .   (no cloak)
rCorr    .         Harm     .   v - +0 pair of gloves
MR       +....                  i - +0 pair of boots
Stlth    ++........             k - amulet of regeneration
HPRegen  0.99/turn              x - +4 ring of slaying
MPRegen  0.13/turn              G - +2 ring of dexterity

@: gold aura, slowed, heavily drained, very slow
A: fangs 3, regeneration 1, magic shield, antimagic bite, no potion heal 3, rot
immunity
a: Potion Petition, Call Merchant, Bribe Branch, Renounce Religion


You were on level 10 of the Dungeon.
You worshipped Gozag.
Gozag was pleased with you.
You were very hungry.

You visited 2 branches of the dungeon, and saw 11 of its levels.

You collected 1456 gold pieces.
You spent 156 gold pieces at shops.
You paid 511 gold pieces to Gozag.

Inventory:

Hand Weapons
 c - a +1 quarterstaff of crushing (weapon)
 L - the +4 hand axe of the Fool {flame, rN+}
   (You found it on level 8 of the Dungeon)

   It has been specially enchanted to burn those struck by it, causing extra
   injury to most foes and up to half again as much damage against particularly
   susceptible opponents.
   Big, fiery blades are also staple armaments of hydra-hunters.
   It protects you from negative energy.
Missiles
 d - 3 throwing nets (quivered)
 y - 7 javelins
Armour
 i - a +0 pair of boots (worn)
 n - a +0 ring mail (worn)
 v - a +0 pair of gloves (worn)
 P - a +2 helmet (worn)
Jewellery
 g - an uncursed amulet of faith {unknown}
 k - an amulet of regeneration (around neck)
 x - a +4 ring of slaying (left hand)
 G - a +2 ring of dexterity (right hand)
 N - an uncursed ring of protection from fire
Wands
 b - a wand of paralysis (22)
 J - a wand of disintegration (32)
 M - a wand of iceblast (13)
 O - a wand of polymorph (10)
Scrolls
 e - 7 scrolls of immolation {unknown}
 h - 5 scrolls of teleportation
 l - 5 scrolls of identify
 p - 7 scrolls of remove curse
 u - 2 scrolls of magic mapping {unknown}
 z - a scroll of random uselessness {unknown}
 B - 2 scrolls of enchant weapon
 C - a scroll of amnesia {unknown}
 D - a scroll of noise {unknown}
 F - a scroll of summoning {unknown}
 I - 2 scrolls of blinking {unknown}
Potions
 j - 3 potions of brilliance {unknown}
 m - a potion of magic {unknown}
 o - 2 potions of degeneration
 q - 2 potions of flight {unknown}
 r - 3 potions of lignification
 s - 4 potions of agility
 t - 5 potions of curing
 w - a potion of ambrosia
 A - a potion of haste {unknown}
 E - a potion of heal wounds {unknown}
 H - 2 potions of might {unknown}
 K - a potion of mutation {unknown}
Comestibles
 f - 16 rations


   Skills:
 + Level 6.4(4.5) Fighting
 + Level 11.0(8.9) Staves
 + Level 1.9(0.2) Throwing
 + Level 5.9(4.1) Armour
 + Level 6.0(4.1) Dodging
 + Level 4.0(2.3) Stealth
 + Level 0.9(0.0) Unarmed Combat


You had 10 spell levels left.
You didn't know any spells.
Your spell library contained the following spells:

 Spells                   Type           Power        Failure   Level  Hunger
 Apportation              Tloc           #.....       58%         1    ##.....
 Summon Small Mammal      Summ           #...         58%         1    ##.....
 Animate Skeleton         Necr           N/A          58%         1    ##.....
 Confusing Touch          Hex            #.....       58%         1    ##.....


Dungeon Overview and Level Annotations

Branches:
Dungeon (10/15)            Temple (1/1) D:4
   Lair: D:8-11         Orc: D:9-12

Altars:
Ashenzari
Cheibriados
Dithmenos
Elyvilon
Fedhas
Gozag
Hepliaklqana
Kikubaaqudgha
Makhleb
Okawaru
Qazlal
Ru
Sif Muna
Trog
Uskayaw
Wu Jian
Xom
Yredelemnul
Zin
The Shining One

Shops:
D:8 (

Annotations:
D:4 Edmund
D:10 Josephine, Psyche


Innate Abilities, Weirdness & Mutations

You have razor-sharp teeth.
Your natural rate of healing is unusually fast.
When hurt, damage is shared between your health and your magic reserves.
Your bite disrupts and absorbs the magic of your enemies.
Potions cannot restore your health.
You are immune to rotting.


Message History

The ghostly flame explodes!
The ghostly fireball engulfs you!
You feel drained. Josephine closely misses you.
Josephine hits you with a dagger of venom.
You see here 6 gold pieces.
Unknown command.
You sock Josephine! Your bite misses Josephine.
Josephine is lightly wounded.
The orc barely misses you. Josephine casts a spell at you.
The ghostly flame explodes!
The ghostly fireball engulfs you!
You feel drained.
Ouch! That really hurt!
* * * LOW HITPOINT WARNING * * *
The ghostly fireball engulfs the orc.
The orc is drained!
The orc dies!
The ghostly fireball engulfs Josephine.
Josephine completely resists.
There is a stone staircase leading up here.
Josephine points at you and mumbles some strange words.
The ghostly flame explodes!
The ghostly fireball engulfs you!
You feel drained.
You die...
Your body crumbles into a pile of gold.

#... #W#W#
##....#######$#$#
..............@$#
...#####.####...#
#..# #..##
##.####.#####. #.
#.............
#...#.>.@$........
#...[@WW........
##....).........
#..............
#..............
#...>..........
##............
##..........#
############


You could see Josephine and 2 wraiths.

Vanquished Creatures
  Erica (D:9)
  A two-headed ogre (D:9)
  An unseen horror (D:9)
  Pikel (D:9)
  The ghost of Foic the Cudgeler, a novice TrFi (D:6)
  The ghost of Foic the Cudgeler, a novice TrFi (D:5)
  A troll (D:9)
  A hippogriff (D:9)
  Sigmund (D:4)
  A wyvern (D:8)
  2 wraiths (D:10)
  A basilisk (D:10)
  A yak (D:10)
  The ghost of NoiZ the Conjurer, an amateur DECj (D:4)
  2 ice beasts
  4 orc warriors
  A sky beast (D:6)
  4 ogres
  A crocodile (D:10)
  8 bullfrogs
  A wyvern skeleton (D:9)
  A water moccasin skeleton (D:6)
  3 killer bees (D:9)
  5 howler monkeys
  A centaur zombie (D:6)
  6 hounds
  A bullfrog zombie (D:7)
  The ghost of levstk the Sneak, a weakling SpEn of Fedhas (D:3)
  A gnoll shaman (D:7)
  7 orc priests
  A bullfrog skeleton (D:6)
  3 iguanas
  13 orc wizards
  3 worker ants (D:5)
  A hound skeleton (D:8)
  2 worker ant zombies (D:5)
  7 gnolls (D:7)
  13 adders
  4 shadow imps
  3 oozes
  An adder zombie (D:5)
  3 dart slugs
  2 worms
  6 leopard geckos
  34 orcs
  A ball python (D:2)
  2 giant cockroaches
  8 hobgoblins
  9 jackals
  5 kobolds
  4 quokkas
  5 bats
  8 frilled lizards
  19 goblins
  8 rats
227 creatures vanquished.

Vanquished Creatures (others)
  2 slaves (D:9)
  A killer bee (D:9)
  An orc (D:10)
4 creatures vanquished.

Grand Total: 231 creatures vanquished

Notes
Turn   | Place    | Note
-------+----------+-------------------------------------------
     0 | D:1      | Manul the Vine Stalker Gladiator began the quest for the Orb.
     0 | D:1      | Reached XP level 1. HP: 11/11 MP: 2/2
    68 | D:1      | Reached XP level 2. HP: 8/15 MP: 1/3
   629 | D:2      | Found a glowing silver altar of Zin.
   630 | D:2      | Found a stormy altar of Qazlal.
   639 | D:2      | Reached skill level 3 in Staves
   640 | D:2      | Reached XP level 3. HP: 15/18 MP: 2/4
   653 | D:2      | Found a shattered altar of Ashenzari.
   950 | D:2      | Gained mutation: Your natural rate of healing is unusually fast. [Vine Stalker growth]
   950 | D:2      | Reached XP level 4. HP: 22/23 MP: 3/5
  1259 | D:2      | Reached skill level 1 in Armour
  1348 | D:3      | Reached XP level 5. HP: 22/27 MP: 6/6
  1361 | D:3      | Noticed levstk's ghost (weakling SpEn)
  1412 | D:3      | Killed levstk's ghost
  1412 | D:3      | Reached skill level 4 in Staves
  1875 | D:4      | Found a staircase to the Ecumenical Temple.
  1885 | D:4      | Reached XP level 6. HP: 31/32 MP: 7/7
  1903 | Temple   | Entered the Ecumenical Temple
  1987 | Temple   | Became a worshipper of Gozag Ym Sagoz the Greedy
  2303 | D:4      | Noticed Sigmund
  2363 | D:4      | Killed Sigmund
  2363 | D:4      | Reached skill level 5 in Staves
  2363 | D:4      | Reached skill level 1 in Stealth
  2363 | D:4      | Reached XP level 7. HP: 29/35 MP: 5/8
  2382 | D:4      | Noticed Edmund
  2383 | D:4      | Noticed NoiZ's ghost (amateur DECj)
  2658 | D:5      | Entered Level 5 of the Dungeon
  3491 | D:5      | Noticed Foic's ghost (novice TrFi)
  3543 | D:5      | Killed Foic's ghost
  3543 | D:5      | Reached skill level 6 in Staves
  3543 | D:5      | Gained mutation: You have razor-sharp teeth. [Vine Stalker growth]
  3543 | D:5      | Reached XP level 8. HP: 32/40 MP: 3/9
  4109 | D:4      | Killed NoiZ's ghost
  4315 | D:6      | Reached skill level 7 in Staves
  4549 | D:6      | Reached XP level 9. HP: 45/45 MP: 10/10
  5006 | D:6      | Noticed Foic's ghost (novice TrFi)
  5017 | D:6      | Killed Foic's ghost
  5017 | D:6      | Reached skill level 8 in Staves
  5080 | D:6      | Found a deep blue altar of Sif Muna.
  5534 | D:8      | Found an iron altar of Okawaru.
  5628 | D:8      | Reached skill level 5 in Dodging
  5708 | D:8      | Got a scorched hand axe
  5709 | D:8      | Identified the +4 hand axe of the Fool {flame, rN+} (You found it on level 8 of the Dungeon)
  5793 | D:8      | Reached skill level 9 in Staves
  6219 | D:9      | Noticed Pikel
  6268 | D:9      | Killed Pikel
  6268 | D:9      | Reached skill level 5 in Fighting
  6268 | D:9      | Reached skill level 5 in Armour
  6268 | D:9      | Reached XP level 10. HP: 33/51 MP: 5/11
  6328 | D:9      | Noticed Erica
  6354 | D:9      | Killed Erica
  6354 | D:9      | Reached skill level 10 in Staves
  6435 | D:9      | Noticed a two-headed ogre
  6608 | D:8      | Bought a +1 quarterstaff of crushing for 156 gold pieces
  6834 | D:9      | Found an ornate altar of the Wu Jian Council.
  6923 | D:9      | Killed a two-headed ogre
  7318 | D:9      | Killed an unseen horror
  7318 | D:9      | Reached XP level 11. HP: 37/56 MP: 9/12
  7528 | D:10     | Entered Level 10 of the Dungeon
  7573 | D:10     | Noticed Psyche
  7592 | D:10     | Noticed Josephine
  7665 | D:10     | Reached skill level 11 in Staves
  7669 | D:10     | Killed from afar by Josephine

Vault maps used:
D:1:      elethiomel_arrival_shortcut
D:2:      grunt_temple_overflow_open
D:3:      first_ration
D:4:      corexii_shack_village, temple_green, uniq_sigmund, uniq_edmund
D:5:      minmay_misc_feat_chi
D:6:      kennysheep_orc_sif_temple
D:8:      basic_altar
D:9:      lemuel_crystal_altar, dk_rats_in_the_wall, uniq_erica, uniq_pikel
D:10:     david_lair_generic, uniq_josephine, uniq_psyche
Temple:   regret_index_temple_mists

Skill      XL: |  1  2  3  4  5  6  7  8  9 10 11 |
---------------+----------------------------------+-----
Fighting       | 2 3 5 6 |  6.4
Staves         | 3 4 5 6 7 9 10 11 | 11.0
Dodging        | 3 4 5 6 |  6.0
Armour         | 1 2 3 5 |  5.9
Stealth        | 1 2 3 4 |  4.0
Throwing       | |  1.9
Unarmed Combat | |  0.9

Action                   |  1- 3 |  4- 6 |  7- 9 | 10-12 || total
-------------------------+-------+-------+-------+-------++-------
Melee: Quarterstaff      |    69 |   171 |   264 |   133 ||   637
       Bite              |    15 |    55 |    93 |    49 ||   212
       Unarmed           |       |       |     8 |       ||     8
Invok: Potion Petition   |       |       |     1 |       ||     1
       Call Merchant     |       |       |       |     1 ||     1
  Use: Scroll            |       |       |     9 |     3 ||    12
       Potion            |       |       |     1 |       ||     1
 Stab: Sleeping          |     2 |     1 |       |     1 ||     4
       Distracted        |       |       |     1 |       ||     1
  Eat: Chunk             |       |     4 |       |       ||     4
       Ration            |       |       |     4 |     1 ||     5
Armor: Leather armour    |    12 |       |       |       ||    12
       Ring mail         |       |    88 |    69 |    45 ||   202
Dodge: Dodged            |    54 |   157 |   158 |   106 ||   475

Table legend:
 A = Spawn XP
 B = Non-spawn XP
 C = Spawn XP percentage of total XP
 D = Spawn monster count
 E = Non-spawn monster count
 F = Spawn count percentage of total count
 G = Total turns spent on level
                    A         B        C        D         E        F      G
               +---------+---------+-------+---------+---------+-------+---------
         Total |       0 |   11042 |   0.0 |       0 |     227 |   0.0 |  7669
               +---------+---------+-------+---------+---------+-------+---------
           D:1 |       0 |      26 |   0.0 |       0 |      17 |   0.0 |   584
           D:2 |       0 |     128 |   0.0 |       0 |      32 |   0.0 |   748
           D:3 |       0 |     118 |   0.0 |       0 |      22 |   0.0 |   631
           D:4 |       0 |     595 |   0.0 |       0 |      26 |   0.0 |   860
           D:5 |       0 |     906 |   0.0 |       0 |      16 |   0.0 |  1349
           D:6 |       0 |    1643 |   0.0 |       0 |      30 |   0.0 |   852
           D:7 |       0 |     749 |   0.0 |       0 |      24 |   0.0 |   491
           D:8 |       0 |     444 |   0.0 |       0 |      18 |   0.0 |   678
           D:9 |       0 |    5025 |   0.0 |       0 |      27 |   0.0 |  1240
          D:10 |       0 |    1408 |   0.0 |       0 |      15 |   0.0 |    97
               +---------+---------+-------+---------+---------+-------+---------
